 Dungeon Crawl Stone Soup version 0.23.0-28-g6fe0f4dc8b (webtiles) character file.

Game seed: 0

194 1994 the Magician (level 5, -13/35 HPs)
             Began as a Mummy Wizard on Feb 26, 2019.
             Killed from afar by an orc wizard (15 damage)
             ... with a puff of flame
             ... on level 3 of the Dungeon.
             The game lasted 00:19:13 (5379 turns).

1994 the Magician (Mummy Wizard)                    Turns: 5379, Time: 00:19:13

Health: -13/35     AC:  5    Str: 10    XL:     5   Next: 44%
Magic:  1/12       EV: 12    Int: 19    God:
Gold:   139        SH:  0    Dex: 10    Spells: 8/14 levels left

rFire    x . .     SeeInvis .   c - +1 dagger
rCold    + . .     Gourm    .   (no shield)
rNeg     + + +     Faith    .   a - +0 robe
rPois    ∞         Spirit   .   b - +0 hat
rElec    .         Reflect  .   j - +2 cloak
rCorr    .         Harm     .   (no gloves)
MR       .....                  (no boots)
Stlth    ++........             (no amulet)
HPRegen  0.11/turn              (no ring)
MPRegen  0.13/turn              (no ring)

@: very slightly contaminated
A: no food or potions, fire vulnerability, cold resistance 1, negative energy
resistance 3, torment resistance, unbreathing
a: no special abilities


You were on level 3 of the Dungeon.
You were not hungry.

You visited 1 branch of the dungeon, and saw 4 of its levels.

You collected 139 gold pieces.

Inventory:

Hand Weapons
 c - a +1 dagger (weapon)
Missiles
 g - a tomahawk of returning (quivered)
 m - 2 tomahawks
Armour
 a - a +0 robe (worn)
 b - a +0 hat (worn)
 j - a +2 cloak (worn)
Jewellery
 d - a cursed amulet of inaccuracy {unknown}
 o - a cursed amulet of inaccuracy {unknown}
 p - an uncursed ring of stealth {unknown}
Scrolls
 e - 2 scrolls of remove curse
 f - a scroll of teleportation
 i - a scroll of immolation
 l - a scroll of amnesia


   Skills:
 + Level 2.9 Dodging
 - Level 2.0 Stealth
 + Level 5.4 Spellcasting
 + Level 2.5 Conjurations
   Level 0.7 Summonings
 - Level 0.7 Translocations


You had 8 spell levels left.
You knew the following spells:

 Your Spells              Type           Power        Failure   Level  Hunger
a - Magic Dart            Conj           ##..         4%          1    N/A
b - Blink                 Tloc           N/A          14%         2    N/A
c - Conjure Flame         Conj/Fire      #.......     22%         3    N/A

Your spell library contained the following spells:

 Spells                   Type           Power        Failure   Level  Hunger
 Call Imp                 Summ           #.......     14%         2    N/A
 Slow                     Hex            #.......     19%         2    N/A
 Mephitic Cloud           Conj/Pois/Air  #.......     26%         3    N/A

Dungeon Overview and Level Annotations

Branches:
Dungeon (4/15)
 Temple: D:4-7

Altars:
Gozag
Vehumet


Innate Abilities, Weirdness & Mutations

You do not eat or drink.
Your flesh is vulnerable to fire.
You are immune to poison.
Your flesh is cold resistant. (rC+)
You are immune to negative energy. (rN+++)
You are immune to unholy pain and torment.
You can survive without breathing.


Message History

Aiming: Magic Dart (safe; 4% risk of failure)
Press: ? - help, Shift-Dir - straight line The magic dart hits something.
Something hits you but does no damage.
Casting: Magic Dart (safe; 4% risk of failure)
Confirm with . or Enter, or press ? or * to list all spells.
Aiming: Magic Dart (safe; 4% risk of failure)
Press: ? - help, Shift-Dir - straight line The magic dart hits something but does no damage.
You hear some strange, mumbled words.
A magic dart appears from out of thin air!
The magic dart hits you!
* * * LOW HITPOINT WARNING * * *
Throwing (i - inventory. (/) - cycle)
g - a tomahawk of returning (quivered)
Press: ? - help, Shift-Dir - straight line, f - you Really target yourself?
Okay, then.
You hear some strange, mumbled words.
A puff of flame appears from out of thin air!
The puff of flame hits you! The fire burns you terribly!
You die...

#.#.......(#s# #.####.#
#.# #......#####.#
#.##.#.####.### ######.#
#.# #.#............ #.#
#.# #.##.#.####.### #.#
#.# #.##.#......... #.#
#.# #.............. #)#
#.# ####.######.### #.#
#.#######.# #.# #.#
#..@.{.>..# #.# #.#
################.# #.#
##.....†...#
#.###########...########
#.............#.#
#############...# #####


There were no monsters in sight!

Vanquished Creatures
  A scorpion (D:3)
  3 gnolls (D:2)
  2 adders (D:3)
  4 worms
  2 dart slugs
  2 leopard geckos (D:1)
  11 orcs
  6 bats
  3 giant cockroaches
  8 goblins
  8 hobgoblins
  4 jackals (D:3)
  A quokka (D:3)
  A ball python (D:3)
  6 frilled lizards
  7 kobolds
  5 rats
74 creatures vanquished.

Vanquished Creatures (others)
  A bat (D:1)
1 creature vanquished.

Grand Total: 75 creatures vanquished

Notes
Turn   | Place    | Note
-------+----------+-------------------------------------------
     0 | D:1      | 1994 the Mummy Wizard began the quest for the Orb.
     0 | D:1      | Reached XP level 1. HP: 13/13 MP: 5/5
   231 | D:1      | Reached skill level 1 in Conjurations
   299 | D:1      | Reached XP level 2. HP: 16/19 MP: 4/7
   350 | D:1      | Learned a level 2 spell: Blink
  1346 | D:1      | Reached XP level 3. HP: 21/24 MP: 2/8
  1352 | D:1      | Learned a level 3 spell: Conjure Flame
  2632 | D:2      | Reached XP level 4. HP: 30/30 MP: 4/10
  2696 | D:2      | Found a radiant altar of Vehumet.
  2698 | D:2      | Found an opulent altar of Gozag.
  3498 | D:3      | Reached skill level 5 in Spellcasting
  4249 | D:3      | Reached XP level 5. HP: 35/35 MP: 7/12
  5379 | D:3      | Killed from afar by an orc wizard

Skill      XL: |  1  2  3  4 |
---------------+-------------+-----
Conjurations   | 1 2 |  2.5
Stealth        | 2 |  2.0
Dodging        | 2 |  2.9
Spellcasting   | 5 |  5.4
Summonings     | |  0.7
Translocations | |  0.7

Action                   |  1- 3 |  4- 6 || total
-------------------------+-------+-------++-------
Melee: Dagger            |    21 |    60 ||    81
Throw: Tomahawk          |       |    13 ||    13
 Cast: Magic Dart        |   121 |   151 ||   272
       Blink             |       |    16 ||    16
  Use: Scroll            |       |     8 ||     8
Armor: Robe              |    12 |    35 ||    47
Dodge: Dodged            |    26 |    76 ||   102
